 Dungeon Crawl Stone Soup version 0.23-a0-422-g30b1108 (webtiles) character file.

6662 JeffiDaFish the Covert (level 10, 0/44 HPs)
             Began as a Spriggan Necromancer on Nov 14, 2018.
             Was a Believer of Kikubaaqudgha.
             Slain by a two-headed ogre
             ... wielding a +0 giant spiked club
              (24 damage)
             ... on level 8 of the Dungeon on Nov 15, 2018.
             The game lasted 00:47:19 (14275 turns).

JeffiDaFish the Covert (Spriggan Necromancer)      Turns: 14275, Time: 00:47:19

Health: 0/44       AC:  6    Str:  4    XL:     10   Next: 73%
Magic:  5/24       EV: 23    Int: 20    God:    Kikubaaqudgha [**....]
Gold:   495        SH:  0    Dex: 21    Spells: 7/28 levels left

rFire    . . .     SeeInvis +   d - +0 dagger (venom)
rCold    . . .     Gourm    .   (shield restricted)
rNeg     . . .     Faith    .   i - +1 robe {MR+}
rPois    .         Spirit   .   (helmet restricted)
rElec    .         Reflect  .   (no cloak)
rCorr    .         Harm     .   (gloves unavailable)
MR       ++...                  (boots unavailable)
Stlth    +++++.....             (no amulet)
HPRegen  0.14/turn              t - +4 ring of dexterity
MPRegen  0.19/turn              r - +3 ring of protection

@: very slightly contaminated, very quick
A: very small, unfitting armour, see invisible, herbivore, speed 3, slow
metabolism 2
a: Receive Corpses, Renounce Religion


You were on level 8 of the Dungeon.
You worshipped Kikubaaqudgha.
Kikubaaqudgha was pleased with you.
You were near starving.

You visited 1 branch of the dungeon, and saw 8 of its levels.

You collected 495 gold pieces.

Inventory:

Hand Weapons
 d - a +0 dagger of venom (weapon)
Armour
 i - a +1 robe of magic resistance (worn)
Jewellery
 g - an uncursed ring of ice
 k - an uncursed ring of resist corrosion
 o - an uncursed ring of positive energy
 r - a +3 ring of protection (right hand)
 t - a +4 ring of dexterity (left hand)
Wands
 f - a wand of digging (6)
 n - a wand of clouds (5)
 p - a wand of paralysis (6)
Scrolls
 e - 6 scrolls of remove curse
 h - 4 scrolls of teleportation
 j - 5 scrolls of identify
 l - a scroll of magic mapping
 m - a scroll of fear
 q - 3 scrolls of amnesia
Potions
 a - 2 potions of invisibility {unknown}
 b - 2 potions of curing
 s - a potion of heal wounds
Comestibles
 c - 13 rations


   Skills:
 + Level 5.6 Short Blades
 - Level 6.2 Dodging
 + Level 10.5 Stealth
 + Level 9.6 Spellcasting
 + Level 6.7 Hexes
 * Level 9.5 Necromancy


You had 7 spell levels left.
You knew the following spells:

 Your Spells              Type           Power        Failure   Level  Hunger
a - Pain                  Necr           ####         1%          1    None
b - Vampiric Draining     Necr           #####.....   1%          3    None
c - Dazzling Spray        Conj/Hex       ###...       5%          3    None
d - Regeneration          Chrm/Necr      ####......   3%          3    None
e - Blink                 Tloc           N/A          11%         2    None
f - Animate Dead          Necr           N/A          1%          4    ##.....
g - Ensorcelled Hibernat  Hex/Ice        ###...       2%          2    None
h - Confuse               Hex            #####...     1%          3    None

Your spell library contained the following spells:

 Spells                   Type           Power        Failure   Level  Hunger
 Animate Skeleton         Necr           N/A          1%          1    None
 Corona                   Hex            #####..      1%          1    None
 Slow                     Hex            #####...     1%          2    None
 Sublimation of Blood     Necr           #####.....   1%          2    None
 Tukima's Dance           Hex            #####...     1%          3    None
 Freeze                   Ice            #...         8%          1    None
 Magic Dart               Conj           #...         8%          1    None
 Call Imp                 Summ           #.......     11%         2    None
 Shroud of Golubria       Chrm/Tloc      #.........   11%         2    None
 Throw Frost              Conj/Ice       #.....       11%         2    None
 Conjure Flame            Conj/Fire      #.......     22%         3    None
 Gell's Gravitas          Tloc           #.........   22%         3    None
 Lesser Beckoning         Tloc           #.........   22%         3    None
 Mephitic Cloud           Conj/Pois/Air  #.......     22%         3    None
 Ozocubu's Armour         Chrm/Ice       #.......     22%         3    None
 Teleport Other           Tloc           #.......     22%         3    None
 Passage of Golubria      Tloc           N/A          58%         4    ##.....
 Summon Ice Beast         Ice/Summ       #.......     58%         4    ##.....
 Throw Icicle             Conj/Ice       #.......     58%         4    ##.....


Dungeon Overview and Level Annotations

Branches:
Dungeon (8/15)             Temple (0/1) D:6            Lair (0/6) D:8

Altars:
Dithmenos
Elyvilon
Kikubaaqudgha
Makhleb
Nemelex Xobeh
Ru
Sif Muna
Wu Jian
Yredelemnul

Shops:
D:4 %

Annotations:
D:8 Gastronok


Innate Abilities, Weirdness & Mutations

You are very small and have problems with some larger weapons.
You are too small for most types of armour.
You have supernaturally acute eyesight. (SInv)
You are a herbivore.
You cover ground extremely quickly.
You need to consume almost no food.


Message History

The two-headed ogre is heavily wounded.
Casting: Confuse (safe; 1% risk of failure)
Confirm with . or Enter, or press ? or * to list all spells.
Aiming: Vampiric Draining (safe; 1% risk of failure)
Press: ? - help, Shift-Dir - straight line, f/p - two-headed ogre
Aim: a two-headed ogre, wielding two +0 giant spiked clubs (heavily wounded, The two-headed ogre is severely wounded.
You feel life coursing into your body. The two-headed ogre closely misses you.
The two-headed ogre hits you with a +0 giant spiked club!
Casting: Vampiric Draining (safe; 1% risk of failure)
Confirm with . or Enter, or press ? or * to list all spells.
Aiming: Vampiric Draining (safe; 1% risk of failure)
Press: ? - help, Shift-Dir - straight line, f/p - two-headed ogre
Aim: a two-headed ogre, wielding two +0 giant spiked clubs (severely wounded, The two-headed ogre is almost dead.
You feel life coursing into your body.
The two-headed ogre hits you with a +0 giant spiked club!!
Ouch! That really hurt!
You die...
Kikubaaqudgha rasps: "You have failed me!
Welcome... death!"

......#.# ####.#
......#.# ....#
......#.#.#####.###
......#.#.........#
#####.#.#######.#.#
#.#.........#.#
#.#########.#
###########.#
.........@O#
############


You could see a two-headed ogre (confused).

Vanquished Creatures
  Erica (D:8)
  Harold (D:8)
  Pikel (D:8)
  Prince Ribbit (D:7)
  2 hippogriffs (D:7)
  A yak (D:7)
  Eustachio (D:3)
  A human (D:7)
  3 hogs (D:7)
  2 hungry ghosts (D:7)
  Edmund (D:4)
  Duvessa (D:4)
  2 orc warriors
  An ice beast (D:6)
  3 sky beasts
  A phantom (D:7)
  6 ogres
  2 centaurs
  4 bullfrogs
  Dowan (D:4)
  A water moccasin zombie (D:5)
  2 scorpions
  An electric eel (D:6)
  2 howler monkeys
  A quasit (D:7)
  3 crimson imps
  3 orc priests
  3 hounds
  A gnoll shaman (D:7)
  A bullfrog skeleton (D:7)
  7 orc wizards
  A centaur skeleton (D:6)
  Jessica (D:2)
  Terence (D:2)
  2 iguanas
  2 worker ants
  2 hound zombies
  A hound skeleton (D:5)
  15 gnolls
  7 adders
  2 shadow imps
  2 oozes
  An adder zombie (D:6)
  An adder skeleton (D:4)
  4 worms
  4 dart slugs
  2 leopard geckos
  23 orcs
  6 giant cockroaches
  9 goblins
  10 hobgoblins
  11 jackals
  A quokka (D:7)
  3 ball pythons
  8 bats
  2 frilled lizards
  9 kobolds
  A quokka skeleton (D:4)
  5 rats
197 creatures vanquished.

Vanquished Creatures (collateral kills)
  A wyvern zombie (D:6)
  2 jackals (D:6)
3 creatures vanquished.

Vanquished Creatures (others)
  4 slaves (D:8)
  An ogre (D:8)
  A centaur (D:8)
  6 plants
12 creatures vanquished.

Grand Total: 212 creatures vanquished

Notes
Turn   | Place    | Note
-------+----------+-------------------------------------------
     0 | D:1      | JeffiDaFish the Spriggan Necromancer began the quest for
                  | the Orb.
     0 | D:1      | Reached XP level 1. HP: 9/9 MP: 5/5
   726 | D:1      | Reached XP level 2. HP: 10/13 MP: 2/7
  1862 | D:1      | Reached XP level 3. HP: 13/16 MP: 3/8
  2075 | D:2      | Noticed Jessica
  2083 | D:2      | Killed Jessica
  2089 | D:2      | Learned a level 3 spell: Vampiric Draining
  2305 | D:2      | Reached XP level 4. HP: 17/21 MP: 7/10
  2549 | D:2      | Learned a level 2 spell: Slow
  2825 | D:2      | Found a white marble altar of Elyvilon.
  2894 | D:2      | Noticed Terence
  2905 | D:2      | Killed Terence
  2905 | D:2      | Reached skill level 4 in Stealth
  2919 | D:2      | You fall through a shaft!
  2926 | D:3      | Reached skill level 1 in Hexes
  2926 | D:3      | Reached XP level 5. HP: 20/24 MP: 6/12
  2991 | D:3      | Found a deep blue altar of Sif Muna.
  3914 | D:3      | Found a sparkling altar of Nemelex Xobeh.
  4336 | D:3      | Reached XP level 6. HP: 5/28 MP: 0/14
  5051 | D:3      | Reached skill level 5 in Spellcasting
  5135 | D:3      | Reached skill level 5 in Necromancy
  5280 | D:4      | Noticed Eustachio
  5463 | D:3      | Killed Eustachio
  5463 | D:3      | Reached skill level 5 in Stealth
  5463 | D:3      | Reached XP level 7. HP: 22/32 MP: 1/16
  5573 | D:4      | Reached skill level 5 in Dodging
  5899 | D:4      | Noticed Duvessa
  5899 | D:4      | Noticed Dowan
  5985 | D:4      | Learned a level 3 spell: Regeneration
  5988 | D:4      | Learned a level 2 spell: Blink
  6015 | D:4      | Killed Duvessa
  6026 | D:4      | Killed Dowan
  6208 | D:4      | Noticed Edmund
  6236 | D:4      | Killed Edmund
  6236 | D:4      | Reached skill level 6 in Stealth
  6348 | D:4      | Found a burning altar of Makhleb.
  6350 | D:4      | Noticed a balrug
  6356 | D:4      | Noticed a ynoxinul
  6356 | D:4      | Noticed a hellwing
  6485 | D:4      | Reached XP level 8. HP: 36/36 MP: 18/18
  6707 | D:4      | Found an ancient bone altar of Kikubaaqudgha.
  6715 | D:4      | Became a worshipper of Kikubaaqudgha
  6850 | D:4      | Found Ittoxega's Food Shoppe.
  7008 | D:5      | Entered Level 5 of the Dungeon
  7834 | D:5      | Found an ornate altar of the Wu Jian Council.
  8166 | D:6      | Found a basalt altar of Yredelemnul.
  8700 | D:5      | Reached skill level 1 in Short Blades
  8779 | D:6      | Reached skill level 7 in Stealth
  8875 | D:6      | Found a staircase to the Ecumenical Temple.
  9264 | D:6      | Learned a level 4 spell: Animate Dead
  9430 | D:6      | Reached XP level 9. HP: 23/39 MP: 9/21
 10185 | D:6      | Learned a level 2 spell: Ensorcelled Hibernation
 10189 | D:6      | Learned a level 3 spell: Confuse
 10569 | D:7      | Reached skill level 8 in Stealth
 11256 | D:7      | Reached * piety under Kikubaaqudgha
 11256 | D:7      | Identified Kikubaaqudgha's Handbook of Unholy Rituals
                  | (Kikubaaqudgha gifted it to you on level 7 of the Dungeon)
 11256 | D:7      | Received a gift from Kikubaaqudgha
 11453 | D:7      | Learned a level 3 spell: Dazzling Spray
 11562 | D:7      | Reached skill level 5 in Hexes
 11704 | D:7      | Reached skill level 9 in Stealth
 12019 | D:7      | Reached XP level 10. HP: 34/44 MP: 0/23
 12043 | D:7      | Noticed Prince Ribbit
 12074 | D:6      | Reached ** piety under Kikubaaqudgha
 12398 | D:7      | Killed Prince Ribbit
 12990 | D:8      | Found a shadowy altar of Dithmenos.
 13029 | D:8      | Noticed Harold
 13032 | D:8      | Found a staircase to the Lair.
 13080 | D:8      | Noticed Pikel
 13084 | D:8      | Killed Pikel
 13084 | D:8      | Reached skill level 5 in Short Blades
 13084 | D:8      | Noticed Gastronok
 13173 | D:8      | Noticed Erica
 13504 | D:8      | Killed Erica
 13504 | D:8      | Reached skill level 10 in Stealth
 13764 | D:8      | Killed Harold
 14083 | D:8      | Found a sacrificial altar of Ru.
 14249 | D:8      | Noticed a two-headed ogre
 14275 | D:8      | Slain by a two-headed ogre

Vault maps used:
D:1:      eino_arrival_cavern_c
D:2:      elyvilon_altar_3, uniq_terence, uniq_jessica
D:3:      lemuel_round_altar, old_standard_altar
D:4:      kiku_gazebo_pond_becter, makhleb_altar_promises_db, serial_shops,
          shop, uniq_eustachio, uniq_duvessa, uniq_edmund
D:5:      wad_pebble_path, kennysheep_mini, first_ration, serial_bayou_lagoon_a,
          kennysheep_dice
D:6:      cheibrodos_helix_gallery, overflow_temple_1_default,
          minmay_temple_entry_junction, kennysheep_boxes
D:7:      grunt_livestock, minivault_19, uniq_prince_ribbit1
D:8:      kennysheep_little_box, nicolae_ru_great_annihilating_truth,
          fedhas_altar_3, dpeg_oklobed_lair,
          nicolae_dithmenos_through_a_glass_darkly, uniq_erica, uniq_harold,
          uniq_gastronok, uniq_pikel

Skill      XL: |  1  2  3  4  5  6  7  8  9 10 |
---------------+-------------------------------+-----
Spellcasting   | 3 4 5 6 7 8 9 |  9.6
Necromancy     | 4 5 7 8 9 |  9.5
Dodging        | 4 5 6 |  6.2
Stealth        | 4 5 6 7 9 10 | 10.5
Hexes          | 1 2 3 4 5 6 |  6.7
Short Blades   | 2 4 5 |  5.6

Action                   |  1- 3 |  4- 6 |  7- 9 | 10-12 || total
-------------------------+-------+-------+-------+-------++-------
Melee: Dagger            |    37 |    48 |   236 |    48 ||   369
 Cast: Pain              |    51 |    98 |   164 |    48 ||   361
       Vampiric Draining |       |    14 |    31 |    17 ||    62
       Slow              |       |     1 |    12 |       ||    13
       Regeneration      |       |       |    10 |     3 ||    13
       Animate Dead      |       |       |     2 |       ||     2
       Confuse           |       |       |    23 |    19 ||    42
       Ensorcelled Hiber |       |       |    18 |     8 ||    26
       Blink             |       |       |     1 |       ||     1
       Dazzling Spray    |       |       |       |     6 ||     6
Evoke: Wand              |       |       |       |     1 ||     1
  Use: Scroll            |     5 |     3 |     3 |     5 ||    16
       Potion            |     2 |     2 |     3 |       ||     7
 Stab: Sleeping          |     5 |     5 |    20 |     3 ||    33
       Confused          |       |       |    11 |     7 ||    18
       Distracted        |       |       |       |     2 ||     2
       Paralysed         |       |       |       |     1 ||     1
  Eat: Ration            |       |     1 |     4 |     1 ||     6
Armor: Robe              |     4 |     9 |     7 |     6 ||    26
       Skin              |       |       |    14 |       ||    14
Dodge: Dodged            |    53 |    64 |   231 |    76 ||   424

Table legend:
 A = Non-vault XP
 B = Vault XP
 C = Vault XP percentage of total XP
 D = Non-vault monster count
 E = Vault monster count
 F = Vault count percentage of total count
                 A         B        C        D         E       F
            +---------+---------+-------+---------+---------+-------
      Total |    4851 |    4667 |  49.0 |     180 |      21 |  10.4
            +---------+---------+-------+---------+---------+-------
        D:1 |      44 |       0 |   0.0 |      21 |       0 |   0.0
        D:2 |      70 |      73 |  51.0 |      19 |       2 |   9.5
        D:3 |     364 |     196 |  35.0 |      37 |       1 |   2.6
        D:4 |     328 |     390 |  54.3 |      15 |       3 |  16.7
        D:5 |     657 |       0 |   0.0 |      13 |       0 |   0.0
        D:6 |     789 |     219 |  21.7 |      21 |       2 |   8.7
        D:7 |    2140 |    1263 |  37.1 |      45 |       6 |  11.8
        D:8 |     459 |    2526 |  84.6 |       9 |       7 |  43.8
            +---------+---------+-------+---------+---------+-------
